 Dungeon Crawl Stone Soup version 0.18.1-48-g4cf74bf (webtiles) character file.

12631 lorenzova the Covert (level 11, -1/47 HPs)
             Began as a Spriggan Enchanter on July 23, 2016.
             Was a Priest of Dithmenos.
             Slain by a yak (13 damage)
             ... on level 11 of the Dungeon.
             The game lasted 00:31:14 (13481 turns).

lorenzova the Covert (Spriggan Enchanter)          Turns: 13481, Time: 00:31:15

Health: -1/47      AC:  7    Str: 10    XL:     11   Next: 65%
Magic:  1/25       EV: 27    Int: 18    God:    Dithmenos [***...]
Gold:   642        SH:  0    Dex: 18    Spells: 3 memorised, 22 levels left

rFire  . . .     SeeInvis +     X - +1 dagger (venom)
rCold  . . .     Gourm    .     l - +2 robe {MR+}
rNeg   . . .     Faith    .     (shield restricted)
rPois  .         Spirit   .     (helmet restricted)
rElec  .         Dismiss  .     B - +2 cloak
rCorr  .         Reflect  .     (gloves unavailable)
SustAt .         Harm     .     (boots unavailable)
MR     +++..                    (no amulet)
Stlth  +++++++++.               b - ring of protection from magic
                                C - +5 ring of strength

@: wreathed by umbra, very quick, extremely resistant to hostile enchantments,
incredibly stealthy
A: unfitting armour, see invisible, herbivore 3, speed 3, slow metabolism 2
a: Shadow Step, Renounce Religion


You were on level 11 of the Dungeon.
You worshipped Dithmenos.
Dithmenos was most pleased with you.
You were very hungry.

You visited 2 branches of the dungeon, and saw 13 of its levels.

You collected 707 gold pieces.
You spent 65 gold pieces at shops.

Inventory:

Hand Weapons
 H - a +0 dagger of freezing
 V - a +0 dagger of draining
 X - a +1 dagger of venom (weapon)
Armour
 l - a +2 robe of magic resistance (worn)
 B - a +2 cloak (worn)
Jewellery
 b - a ring of protection from magic (right hand)
 q - a +2 ring of strength
 C - a +5 ring of strength (left hand)
 I - an uncursed ring of protection from cold
 K - an uncursed ring of positive energy
 P - an uncursed ring of protection from magic
Wands
 a - a wand of polymorph (15/24)
 F - a wand of confusion (19/48)
 Q - a wand of hasting (2/9)
 T - a wand of polymorph (12/24)
 U - a wand of iceblast (11/15)
Scrolls
 f - 3 scrolls of recharging {unknown}
 g - 3 scrolls of magic mapping
 h - 9 scrolls of teleportation
 k - 3 scrolls of identify
 m - 2 scrolls of blinking {unknown}
 n - 3 scrolls of amnesia {unknown}
 o - a scroll of fog {unknown}
 p - 9 scrolls of remove curse
 w - 3 scrolls of enchant weapon {unknown}
 D - a scroll of noise {unknown}
 E - a scroll of torment {unknown}
 M - a scroll of enchant armour {unknown}
 O - a scroll of immolation {unknown}
 W - a scroll of random uselessness {unknown}
Potions
 e - 2 potions of heal wounds
 i - a potion of berserk rage {unknown}
 j - 2 potions of curing
 r - 3 potions of mutation {unknown}
 s - 3 potions of brilliance {unknown}
 t - a potion of cure mutation {unknown}
 u - 2 potions of cancellation {unknown}
 v - 4 potions of haste
 x - a potion of might {unknown}
 z - 13 potions of degeneration
 A - a potion of ambrosia {unknown}
Books
 c - a book of Maledictions

   Spells                             Type                      Level
   a - Corona                         Hexes                        1
   b - Ensorcelled Hibernation        Hexes/Ice                    2
   c - Confuse                        Hexes                        3
   d - Tukima's Dance                 Hexes                        3
   e - Dazzling Spray                 Conjuration/Hexes            3
 y - a Necronomicon

   Spells                             Type                      Level
   a - Haunt                          Necromancy/Summoning         7
   b - Borgnjor's Revivification      Necromancy                   8
   c - Death's Door                   Charms/Necromancy            8
   d - Necromutation                  Transmutation/Necromancy     8
 G - a book of Debilitation

   Spells                             Type                      Level
   a - Corona                         Hexes                        1
   b - Slow                           Hexes                        2
   c - Gell's Gravitas                Hexes/Translocation          3
   d - Inner Flame                    Hexes/Fire                   3
   e - Cause Fear                     Hexes                        4
   f - Leda's Liquefaction            Hexes/Earth                  4
 J - a book of Conjurations

   Spells                             Type                      Level
   a - Magic Dart                     Conjuration                  1
   b - Searing Ray                    Conjuration                  2
   c - Dazzling Spray                 Conjuration/Hexes            3
   d - Fulminant Prism                Conjuration/Hexes            4
   e - Iskenderun's Mystic Blast      Conjuration                  4
   f - Iskenderun's Battlesphere      Conjuration/Charms           5
 N - a book of Fire

   Spells                             Type                      Level
   a - Ignite Poison                  Fire/Transmutation/Poison    3
   b - Fireball                       Conjuration/Fire             5
   c - Bolt of Fire                   Conjuration/Fire             6
   d - Delayed Fireball               Conjuration/Fire             7
   e - Ring of Flames                 Charms/Fire                  7
   Dithmenos disapproves of the use of such an item.
 S - a book of Party Tricks

   Spells                             Type                      Level
   a - Summon Butterflies             Summoning                    1
   b - Apportation                    Translocation                1
   c - Tukima's Dance                 Hexes                        3
   d - Alistair's Intoxication        Transmutation/Poison         5
   e - Invisibility                   Hexes                        6
Comestibles
 d - 4 bread rations
 L - 3 fruits
 R - 8 slices of pizza


   Skills:
 * Level 11.6 Short Blades
 + Level 10.7 Dodging
 + Level 14.0 Stealth
 - Level 9.1 Spellcasting
 - Level 9.4 Hexes


You had 22 spell levels left.
You knew the following spells:

 Your Spells              Type           Power        Failure   Level  Hunger
a - Corona                Hex            #####..      1%          1    None
b - Ensorcelled Hibernat  Hex/Ice        ####..       1%          2    None
c - Confuse               Hex            #####...     1%          3    None


Dungeon Overview and Level Annotations

Branches:
Dungeon (12/15)            Temple (1/1) D:7            Lair (0/8) D:8
    Orc (0/2) D:11

Altars:
Ashenzari
Cheibriados
Dithmenos
Elyvilon
Fedhas
Gozag
Kikubaaqudgha
Makhleb
Nemelex Xobeh
Okawaru
Pakellas
Qazlal
Ru
Sif Muna
Trog
Vehumet
Xom
Yredelemnul
Zin
The Shining One
Lugonu

Shops:
D:4 [   D:10 *

Annotations:
D:12 Nessos


Innate Abilities, Weirdness & Mutations

You are tiny and cannot use many weapons and most armour.
You have supernaturally acute eyesight.
You are a herbivore.
You cover ground extremely quickly.
You need consume almost no food.


Message History

Casting: Ensorcelled Hibernation
Confirm with . or Enter, or press ? or * to list all spells.
Aiming: Confuse
Press: ? - help, Shift-Dir - straight line, f - yak
Aim: a yak (lightly wounded, poisoned, umbra, chance to defeat MR: 68%)
The yak appears confused.
You are too injured to fight recklessly!
Casting: Confuse
Confirm with . or Enter, or press ? or * to list all spells.
Aiming: Confuse
Press: ? - help, Shift-Dir - straight line, f - yak, p - yak
Aim: a yak (umbra, chance to defeat MR: 68%)
The yak appears confused.
The yak misses you.
Casting: Confuse
Confirm with . or Enter, or press ? or * to list all spells.
Aiming: Confuse
Press: ? - help, Shift-Dir - straight line, f/p - yak
Aim: a yak (confused, chance to defeat MR: 68%)
The yak struggles to resist.
The yak gores you!
You die...

#............#......#
#.......##...#......#
#.......##...#......#
#.......##...#......#
#............##...###
#....[..#)#####...#########
#.#####.#..................
#.# #.#...>..............
#.#####.#Y@................
#.......#Y#####...#########
#.............#####
#..........##.#
#........Y.##.#
#..........##.#
#.............#
#.......#######
#.......#....#


You could see 3 yaks.

Vanquished Creatures
  Kirke (D:12)
  Josephine (D:12)
  The ghost of tyranidshit the Chopper, a novice DDFi of Makhleb (D:9)
  A cyclops (D:11)
  A kobold demonologist (D:12)
  A komodo dragon (D:8)
  A troll (D:9)
  A two-headed ogre (D:8)
  Sigmund (D:2)
  5 wraiths (D:12)
  2 wyverns
  8 yaks (D:11)
  A human (D:10)
  5 hogs
  2 hippogriffs
  2 basilisks
  Menkaure (D:7)
  2 mottled dragons
  A water moccasin (D:11)
  A swamp drake (D:11)
  A wasp (D:12)
  2 phantoms
  8 sky beasts
  A black bear (D:9)
  7 ogres
  2 necrophages
  3 centaurs
  A big kobold (D:11)
  Blork the orc (D:6)
  2 giant frogs
  A wyvern skeleton (D:7)
  2 scorpions
  5 killer bees (D:10)
  3 howler monkeys
  8 crimson imps
  A giant frog zombie (D:12)
  3 giant frog skeletons
  3 hounds
  Crazy Yiuf (D:2)
  3 jellies
  5 orc priests
  2 iguanas
  8 worker ants
  Natasha (D:2)
  12 orc wizards
  A sheep (D:10)
  A hound zombie (D:11)
  A hound skeleton (D:9)
  2 worker ant zombies
  3 gnolls (D:8)
  9 adders
  An ooze (D:1)
  3 adder skeletons
  2 worms
  5 dart slugs
  4 giant geckos
  44 orcs
  9 bats
  9 giant cockroaches
  4 goblins
  10 hobgoblins
  6 jackals
  13 kobolds
  3 quokkas
  2 ball pythons (D:1)
  A giant gecko skeleton (D:4)
  A giant gecko zombie (D:8)
  2 giant newts
  A jackal skeleton (D:4)
  2 jackal zombies
  8 rats
272 creatures vanquished.

Vanquished Creatures (others)
  A wolf spider (D:5)
  6 plants (D:8)
7 creatures vanquished.

Grand Total: 279 creatures vanquished

Notes
Turn   | Place    | Note
--------------------------------------------------------------
     0 | D:1      | lorenzova the Spriggan Enchanter began the quest for the Orb.
     0 | D:1      | Reached XP level 1. HP: 9/9 MP: 5/5
   251 | D:1      | Reached XP level 2. HP: 13/13 MP: 6/6
   318 | D:1      | Learned a level 2 spell: Ensorcelled Hibernation
   879 | D:1      | Reached XP level 3. HP: 16/16 MP: 8/8
   884 | D:1      | Learned a level 3 spell: Confuse
  1617 | D:2      | Noticed Natasha
  2004 | D:2      | Reached XP level 4. HP: 21/21 MP: 10/10
  2058 | D:2      | Killed Natasha
  2058 | D:2      | Reached skill level 5 in Stealth
  2058 | D:2      | Reached skill level 5 in Hexes
  2083 | D:2      | Noticed Sigmund
  2197 | D:2      | Killed Sigmund
  2197 | D:2      | Reached skill level 5 in Spellcasting
  2197 | D:2      | Reached XP level 5. HP: 24/24 MP: 9/13
  2275 | D:2      | Noticed Crazy Yiuf
  2281 | D:2      | Killed Crazy Yiuf
  2281 | D:2      | Reached XP level 6. HP: 28/28 MP: 14/14
  2560 | D:3      | Reached skill level 6 in Stealth
  2579 | D:3      | Found an opulent altar of Gozag.
  2623 | D:3      | Found an opulent altar of Gozag.
  3342 | D:4      | Found a white marble altar of Elyvilon.
  3365 | D:4      | Found a shimmering altar of Xom.
  3937 | D:4      | Reached XP level 7. HP: 32/32 MP: 17/17
  3976 | D:4      | Found Kept's Armour Shoppe.
  4603 | D:5      | Entered Level 5 of the Dungeon
  5036 | D:5      | Found an oddly glowing altar of Pakellas.
  5036 | D:5      | Noticed a wolf spider
  5062 | D:5      | Killed a wolf spider
  5244 | D:5      | Reached skill level 7 in Stealth
  5950 | D:6      | Reached XP level 8. HP: 36/36 MP: 18/20
  5986 | D:6      | Noticed Blork the orc
  6015 | D:6      | Killed Blork the orc
  6401 | D:6      | Reached skill level 8 in Stealth
  6619 | D:6      | Found a shattered altar of Ashenzari.
  7030 | D:7      | Found a staircase to the Ecumenical Temple.
  7061 | Temple   | Entered the Ecumenical Temple
  7069 | Temple   | Became a worshipper of Dithmenos the Shadowed
  7258 | D:7      | Noticed Menkaure
  7283 | D:7      | Killed Menkaure
  7763 | D:7      | Reached skill level 9 in Stealth
  7823 | D:7      | Reached XP level 9. HP: 16/39 MP: 17/23
  8219 | D:8      | Noticed a komodo dragon
  8220 | D:8      | Found a staircase to the Lair.
  8904 | D:8      | Killed a komodo dragon
  9120 | D:8      | Reached * piety under Dithmenos
  9292 | D:8      | Reached skill level 10 in Stealth
  9360 | D:8      | Reached skill level 5 in Short Blades
  9360 | D:8      | Reached skill level 5 in Dodging
  9451 | D:9      | Noticed a troll
  9504 | D:9      | Killed a troll
  9940 | D:9      | Reached skill level 11 in Stealth
 10079 | D:9      | Reached XP level 10. HP: 42/44 MP: 21/24
 10260 | D:9      | Noticed tyranidshit's ghost (novice DDFi)
 10337 | D:9      | Killed tyranidshit's ghost
 10608 | D:10     | Entered Level 10 of the Dungeon
 10650 | D:10     | Found Zeuff's General Store.
 10653 | D:10     | Bought a potion of heal wounds for 65 gold pieces
 10961 | D:10     | Reached ** piety under Dithmenos
 10993 | D:10     | Reached skill level 12 in Stealth
 12040 | D:11     | Noticed a cyclops
 12043 | D:11     | Killed a cyclops
 12142 | D:11     | Found a staircase to the Orcish Mines.
 12151 | D:11     | Reached XP level 11. HP: 47/47 MP: 20/25
 12430 | D:11     | Reached *** piety under Dithmenos
 12430 | D:11     | Reached skill level 10 in Short Blades
 12430 | D:11     | Reached skill level 13 in Stealth
 12897 | D:12     | Noticed Josephine
 12962 | D:12     | Killed Josephine
 12964 | D:12     | Reached skill level 10 in Dodging
 13105 | D:12     | Noticed Kirke
 13161 | D:12     | Killed Kirke
 13161 | D:12     | Reached skill level 14 in Stealth
 13405 | D:12     | Found a corrupted altar of Lugonu.
 13421 | D:12     | Noticed Nessos
 13439 | D:12     | HP: 2/47 [poisoned by Nessos]
 13481 | D:11     | Slain by a yak

Skill      XL: |  1  2  3  4  5  6  7  8  9 10 11 |
---------------+----------------------------------+-----
Hexes          | 4 5 6 8 9 |  9.4
Spellcasting   | 3 5 6 7 9 |  9.1
Stealth        | 5 6 7 9 11 12 14 | 14.0
Short Blades   | 2 7 9 11 | 11.6
Dodging        | 6 9 10 | 10.7

Action                   |  1- 3 |  4- 6 |  7- 9 | 10-12 || total
-------------------------+-------+-------+-------+-------++-------
Melee: Dagger            |   151 |   165 |   371 |   333 ||  1020
 Cast: Corona            |     1 |       |       |       ||     1
       Ensorcelled Hiber |     8 |     4 |    51 |    40 ||   103
       Confuse           |     2 |    21 |    48 |    46 ||   117
Invok: Shadow Step       |       |       |       |     1 ||     1
  Use: Scroll            |       |     4 |     1 |     3 ||     8
       Potion            |       |       |       |     2 ||     2
 Stab: Sleeping          |    24 |    18 |    62 |    58 ||   162
       Confused          |       |     8 |    25 |    22 ||    55
  Eat: Royal jelly       |       |     1 |     1 |       ||     2
       Pizza             |       |       |     1 |       ||     1
       Bread ration      |       |       |     1 |       ||     1
Armor: Robe              |    17 |    21 |    43 |    20 ||   101
Dodge: Dodged            |   113 |   102 |   265 |   279 ||   759
